 Dungeon Crawl Stone Soup version 0.18.1-8-gdd0e5ea (webtiles) character file.

16578 Quirk the Fighter (level 12, -3/107 HPs)
             Began as a Minotaur Fighter on May 31, 2016.
             Was a High Priest of Okawaru.
             Succumbed to a ghost moth's poison
             ... on level 10 of the Dungeon.
             The game lasted 00:34:21 (11561 turns).

Quirk the Fighter (Minotaur Fighter)               Turns: 11561, Time: 00:34:21

Health: -3/107     AC: 13    Str: 24      XL:     12   Next: 11%
Magic:  0/15       EV: 15    Int:  4 (5)  God:    Okawaru [*****.]
Gold:   879        SH: 15    Dex: 15 (16) Spells: 6 memorised, 5 levels left

rFire  . . .     SeeInvis .     b - +3 war axe (freeze)
rCold  + . .     Gourm    +     O - +2 ring mail {rC+}
rNeg   . . .     Faith    .     I - +2 shield
rPois  .         Spirit   .     (helmet restricted)
rElec  .         Dismiss  .     y - +0 cloak
rCorr  .         Reflect  .     U - +0 pair of gloves
SustAt .         Harm     .     q - +0 pair of boots
MR     +....                    L - amulet of the gourmand
Stlth  ++........               l - ring of protection from magic
                                F - ring "Tucutot" {Dex+4 Stlth+}

@: lethally poisoned (-3 -> -89), somewhat resistant to hostile enchantments,
unstealthy
A: retaliatory headbutt, horns 2
a: Heroism, Finesse, Renounce Religion


You were on level 10 of the Dungeon.
You worshipped Okawaru.
Okawaru was extremely pleased with you.
You were full.

You visited 3 branches of the dungeon, and saw 14 of its levels.
You also visited: Labyrinth and Sewer.

You collected 879 gold pieces.

Inventory:

Hand Weapons
 b - a +3 war axe of freezing (weapon)
 c - the +2 hunting sling of Excruciating Pain {speed, rElec}
   (You took it off an orc on level 5 of the Dungeon)

   Attacks with this weapon are significantly faster.
   It insulates you from electricity.
Armour
 q - a +0 pair of boots (worn)
 y - a +0 cloak (worn)
 A - a +0 ring mail of poison resistance
 I - a +2 shield (worn)
 O - a +2 ring mail of cold resistance (worn)
 U - a +0 pair of gloves (worn)
 Y - a +0 troll leather armour
Jewellery
 l - a ring of protection from magic (right hand)
 r - an uncursed ring of sustain attributes
 z - an uncursed amulet of guardian spirit
 F - the ring "Tucutot" (left hand) {Dex+4 Stlth+}
   (You found it on level 4 of the Dungeon)

   [ring of stealth]

   It affects your dexterity (+4).
   It makes you more stealthy.
 L - an amulet of the gourmand (around neck)
Wands
 t - a wand of random effects (29/48)
 v - a wand of digging (11/24)
 M - a wand of polymorph (0/24)
 N - a wand of paralysis (10/24)
 Q - a wand of confusion (45/48)
 S - a wand of random effects (22/48)
 T - a wand of lightning (7/15)
 V - a wand of paralysis (8/24)
 X - a wand of polymorph (12/24)
Scrolls
 a - a scroll of recharging
 g - 3 scrolls of enchant weapon
 j - 2 scrolls of enchant armour
 k - 4 scrolls of identify
 m - 5 scrolls of teleportation
 u - 2 scrolls of remove curse
 w - a scroll of fog
 C - a scroll of fear
Potions
 d - 5 potions of might
 e - 4 potions of magic
 n - 4 potions of heal wounds
 o - 8 potions of curing
 B - 3 potions of flight
 D - 2 potions of agility
 E - 2 potions of resistance
 G - 2 potions of lignification
 K - a potion of ambrosia
 P - 2 potions of berserk rage
Comestibles
 f - 6 bread rations
 i - 4 meat rations
 p - 6 beef jerkies
 s - 4 fruits
 H - 11 slices of pizza


   Skills:
 + Level 10.4 Fighting
 + Level 9.9 Axes
 + Level 10.3 Armour
 + Level 8.7 Dodging
 + Level 10.4 Shields
 + Level 6.0 Invocations
 + Level 5.3 Evocations


You had 5 spell levels left.
You knew the following spells:

 Your Spells              Type           Power        Failure   Level  Hunger
a - Pain                  Necr           #...         97%         1    ##.....
b - Animate Skeleton      Necr           N/A          97%         1    ##.....
c - Corona                Hex            #......      97%         1    ##.....
d - Summon Small Mammal   Summ           #...         97%         1    ##.....
e - Apportation           Tloc           #.........   97%         1    ##.....
f - Beastly Appendage     Trmt           #.....       97%         1    ##.....


Dungeon Overview and Level Annotations

Branches:
Dungeon (12/15)            Temple (1/1) D:6            Lair (1/8) D:10
    Orc (0/2) D:11

Altars:
Ashenzari
Cheibriados
Dithmenos
Elyvilon
Fedhas
Kikubaaqudgha
Okawaru
Qazlal
Ru
Yredelemnul
Zin
The Shining One

Shops:
D:6 =   D:7 [

Annotations:
D:12 rockintein's ghost, journeyman MiBe


Innate Abilities, Weirdness & Mutations

You reflexively headbutt those who attack you in melee.
You have a pair of horns on your head.


Message History

Something hits you.
* * * LOW HITPOINT WARNING * * *
You feel clumsy. Something stings you.
* * * LOW HITPOINT WARNING * * *
You are more poisoned.
Something poisons you!
You miss something.
* * * LOW HITPOINT WARNING * * *
You feel extremely sick.
You feel you are being watched by something.
You feel your power leaking away. Something hits you.
* * * LOW HITPOINT WARNING * * *
You feel dopey. Something hits you!
* * * LOW HITPOINT WARNING * * *
You block something's attack.
You miss something.
You die...

########............#
########............#
....................#
................(...#
..(.......#########.#
..........# #.#
).........#########.#
)............>......#
................@...#
......>.....#######.#
.........)..# #.#
............# #.#
............#######.#
....................###
############.####.....###
#.##...P..PP.##
#.#......PPP.P#


There were no monsters in sight!

Vanquished Creatures
  A minotaur (Lab)
  The ghost of Gargoyl the Protected, a journeyman DsAK of Lugonu (Lair:1)
  2 hill giants
  An unseen horror (D:11)
  Maurice (D:10)
  A spiny frog (Lair:1)
  2 centaur zombies (D:10)
  A rime drake (D:10)
  2 komodo dragons
  3 trolls
  A two-headed ogre (D:8)
  A wyvern (D:10)
  A shadow (D:11)
  9 yaks
  A human (D:7)
  4 hungry ghosts (Lab)
  4 hippogriffs
  Menkaure (D:6)
  A soldier ant (D:11)
  2 water moccasins
  11 orc warriors
  Purgy (Sewer)
  2 wasps
  5 ice beasts
  2 sky beasts
  A black bear (D:11)
  3 phantoms
  12 ogres
  A crocodile (Lair:1)
  6 centaurs
  3 big kobolds (D:8)
  5 giant frogs
  A wyvern skeleton (D:12)
  3 scorpions
  10 killer bees
  6 wights
  6 howler monkeys
  6 jellies
  3 giant frog zombies
  6 crimson imps
  A quasit (D:5)
  4 hounds
  Crazy Yiuf (D:3)
  5 orc priests
  A centaur skeleton (D:9)
  2 giant frog skeletons
  4 iguanas
  22 orc wizards
  7 worker ants
  4 sheep (D:7)
  4 hound zombies
  A howler monkey zombie (D:5)
  2 worker ant zombies
  11 adders
  4 gnolls (D:11)
  10 river rats (Lair:1)
  2 shadow imps
  An ooze (D:5)
  An adder skeleton (D:4)
  4 worms
  5 dart slugs
  2 giant geckos (D:5)
  51 orcs
  5 ball pythons
  5 giant cockroaches
  12 goblins
  6 hobgoblins
  11 jackals
  19 kobolds
  7 quokkas
  10 bats
  8 giant newts
  6 rats
371 creatures vanquished.

Vanquished Creatures (others)
  2 plants (D:10)
2 creatures vanquished.

Grand Total: 373 creatures vanquished

Notes
Turn   | Place    | Note
--------------------------------------------------------------
     0 | D:1      | Quirk the Minotaur Fighter began the quest for the Orb.
     0 | D:1      | Reached XP level 1. HP: 19/19 MP: 0/0
   345 | D:1      | Reached XP level 2. HP: 27/27 MP: 1/1
   477 | D:1      | Reached skill level 1 in Dodging
   733 | D:2      | Reached XP level 3. HP: 32/33 MP: 2/2
  1228 | D:3      | Reached XP level 4. HP: 37/40 MP: 3/3
  1331 | D:3      | Found a sacrificial altar of Ru.
  1492 | D:3      | Noticed Crazy Yiuf
  1496 | D:3      | Killed Crazy Yiuf
  1540 | D:3      | Found a blossoming altar of Fedhas.
  1548 | D:3      | Reached XP level 5. HP: 47/47 MP: 4/4
  1550 | D:3      | Found a stormy altar of Qazlal.
  1785 | D:3      | Found a white marble altar of Elyvilon.
  2152 | D:4      | Found a glowing drain.
  2170 | Sewer    | Entered a sewer
  2241 | Sewer    | Noticed Purgy
  2263 | Sewer    | Killed Purgy
  2263 | Sewer    | Reached XP level 6. HP: 40/55 MP: 5/5
  2291 | Sewer    | Reached skill level 5 in Shields
  2429 | D:4      | Reached skill level 5 in Fighting
  2488 | D:4      | Got a slimy tin ring
  2490 | D:4      | Identified the ring "Tucutot" {Dex+4 Stlth+} (You found it on level 4 of the Dungeon)
  2687 | D:5      | Entered Level 5 of the Dungeon
  2774 | D:5      | Reached skill level 5 in Armour
  2830 | D:5      | Noticed an ice beast
  2844 | D:5      | Killed an ice beast
  2844 | D:5      | Reached XP level 7. HP: 43/61 MP: 6/6
  2906 | D:5      | Reached skill level 5 in Axes
  3435 | D:5      | Reached XP level 8. HP: 27/71 MP: 7/7
  3439 | D:5      | Got a polished hunting sling
  3448 | D:5      | Identified the +2 hunting sling of Excruciating Pain {speed, rElec} (You took it off an orc on level 5 of the Dungeon)
  4025 | D:6      | Found Geso's Jewellery Emporium.
  4043 | D:6      | Found a staircase to the Ecumenical Temple.
  4059 | Temple   | Entered the Ecumenical Temple
  4154 | Temple   | Became a worshipper of Warmaster Okawaru
  4300 | D:6      | Learned a level 1 spell: Pain
  4302 | D:6      | Learned a level 1 spell: Animate Skeleton
  4365 | D:6      | Reached skill level 5 in Dodging
  4548 | D:6      | Noticed Menkaure
  4560 | D:6      | Killed Menkaure
  4933 | D:6      | Reached * piety under Okawaru
  5047 | D:6      | Reached XP level 9. HP: 74/79 MP: 8/8
  5162 | D:7      | Found Gotef's Armour Emporium.
  5186 | D:7      | Reached skill level 1 in Evocations
  5187 | D:7      | Reached skill level 1 in Invocations
  5685 | D:7      | Found a glowing silver altar of Zin.
  5689 | D:7      | Found a shadowy altar of Dithmenos.
  6003 | D:7      | Reached ** piety under Okawaru
  6561 | D:8      | Found an ancient bone altar of Kikubaaqudgha.
  6600 | D:8      | Reached XP level 10. HP: 40/89 MP: 11/11
  6690 | D:8      | Reached *** piety under Okawaru
  7518 | D:9      | Reached **** piety under Okawaru
  7782 | D:10     | Entered Level 10 of the Dungeon
  8059 | D:10     | Reached ***** piety under Okawaru
  8161 | D:10     | Noticed a hill giant
  8177 | D:10     | Killed a hill giant
  8177 | D:10     | Reached XP level 11. HP: 45/97 MP: 7/13
  8477 | D:10     | Found a staircase to the Lair.
  8567 | D:10     | Noticed Maurice
  8582 | D:10     | Killed Maurice
  9052 | D:11     | Reached skill level 5 in Invocations
  9184 | D:11     | Killed an unseen horror
  9550 | D:12     | Learned a level 1 spell: Corona
  9552 | D:12     | Learned a level 1 spell: Summon Small Mammal
  9554 | D:12     | Learned a level 1 spell: Apportation
  9558 | D:12     | Noticed rockintein's ghost (journeyman MiBe)
  9564 | D:12     | Received a gift from Okawaru
  9978 | D:11     | Found a staircase to the Orcish Mines.
 10010 | D:11     | Reached skill level 10 in Fighting
 10154 | D:11     | Noticed a hill giant
 10159 | D:11     | Killed a hill giant
 10338 | Lair:1   | Entered Level 1 of the Lair of Beasts
 10353 | Lair:1   | Reached skill level 10 in Shields
 10386 | Lair:1   | Noticed Gargoyl's ghost (journeyman DsAK)
 10519 | D:10     | Reached skill level 10 in Armour
 10646 | Lair:1   | Killed Gargoyl's ghost
 10646 | Lair:1   | Reached skill level 5 in Evocations
 10681 | Lair:1   | Noticed a five-headed hydra
 10846 | Lair:1   | Reached XP level 12. HP: 77/107 MP: 15/15
 10867 | Lair:1   | Found a labyrinth entrance.
 10887 | Lab      | Entered a labyrinth
 11241 | Lab      | Noticed a minotaur
 11263 | Lab      | Killed a minotaur
 11278 | Lab      | Identified the Compendium of Ghastly Transmigration
 11282 | Lab      | Learned a level 1 spell: Beastly Appendage
 11515 | Lair:1   | Noticed a six-headed hydra
 11552 | D:10     | a six-headed hydra changed into something unseen
 11560 | D:10     | HP: 3/107 [something (12)]
 11561 | D:10     | Succumbed to a ghost moth's poison

Skill      XL: |  1  2  3  4  5  6  7  8  9 10 11 12 |
---------------+-------------------------------------+-----
Fighting       | 4 5 6 7 8 9 10 | 10.4
Dodging        | 1 2 3 4 5 6 7 8 |  8.7
Armour         | 4 5 6 7 9 10 | 10.3
Axes           | 3 4 5 6 7 8 9 |  9.9
Shields        | 4 5 6 7 8 9 10 | 10.4
Evocations     | 2 4 5 |  5.3
Invocations    | 3 4 5 6 |  6.0

Action                   |  1- 3 |  4- 6 |  7- 9 | 10-12 || total
-------------------------+-------+-------+-------+-------++-------
Melee: War axe           |    95 |   173 |   294 |   477 ||  1039
       Headbutt          |    18 |    22 |    62 |   133 ||   235
Invok: Finesse           |       |       |       |     4 ||     4
       Heroism           |       |       |       |     1 ||     1
Evoke: Wand              |       |       |     2 |     6 ||     8
  Use: Scroll            |       |       |     5 |    21 ||    26
       Potion            |       |       |       |     1 ||     1
 Stab: Paralysed         |       |     4 |       |       ||     4
       Sleeping          |       |       |     5 |     4 ||     9
       Confused          |       |       |       |     2 ||     2
  Eat: Chunk             |     1 |     6 |    22 |    17 ||    46
       Royal jelly       |       |       |     1 |       ||     1
Armor: Scale mail        |    41 |    95 |       |       ||   136
       Ring mail         |       |     6 |    78 |   144 ||   228
Dodge: Dodged            |    28 |    84 |   183 |   243 ||   538
Block: Shield            |    48 |   107 |   230 |   303 ||   688
